 Dungeon Crawl Stone Soup version 0.27-a0-1456-gf5a116941d (webtiles) character file.

Game seed: 4140578904867716792

321 freelancePsychic the Vandal (level 6, 0/41 HPs)
             Began as a Human Artificer on July 6, 2021.
             Was a Follower of Hepliaklqana.
             Killed by divine providence
             ... invoked by an orc priest
              (12 damage)
             ... on level 4 of the Dungeon.
             The game lasted 00:05:49 (3386 turns).

freelancePsychic the Vandal (Human Artificer)       Turns: 3386, Time: 00:05:50

Health: 0/41       AC:  5    Str: 14    XL:     6   Next: 76%
Magic:  6/6        EV: 11    Int: 11    God:    Hepliaklqana [*.....]
Gold:   184        SH:  0    Dex: 14    Spells: 5/5 levels left

rFire    . . .     SeeInvis .   i - +1 hunting sling
rCold    . . .     Faith    .   (no shield)
rNeg     . . .     Spirit   .   b - +0 leather armour
rPois    .         Reflect  .   (no helmet)
rElec    .         Harm     .   (no cloak)
rCorr    .         Rampage  .   k - +0 pair of gloves
Will     .....                  r - +0 pair of boots
Stlth    +.........             (no amulet)
HPRegen  0.13/turn              (no ring)
MPRegen  0.10/turn              (no ring)

@: no status effects
A: reduced essence
a: Renounce Religion, Recall Ancestor, Ancestor Identity


You were on level 4 of the Dungeon.
You worshipped Hepliaklqana.
Hepliaklqana was aware of your devotion.
You visited 1 branch of the dungeon, and saw 4 of its levels.

You collected 184 gold pieces.

Inventory:

Hand Weapons
 a - a +0 club
 f - a +0 dagger
 i - a +1 hunting sling (weapon)
Missiles
 j - 81 stones
 n - a sling bullet (quivered ammo)
 o - 20 poisoned darts
 w - 13 arrows
Armour
 b - a +0 leather armour (worn)
 k - a +0 pair of gloves (worn)
 r - a +0 pair of boots (worn)
Wands
 c - a wand of flame (7)
 d - a wand of charming (20)
Scrolls
 g - a scroll of summoning
 h - a scroll of amnesia
 m - 2 scrolls of teleportation {@r4}
 p - a scroll of noise
 u - a scroll of fog
 v - a scroll of magic mapping
Potions
 l - a potion of lignification
 q - a potion of curing {unknown}
 s - a potion of resistance {unknown}
 t - a potion of ambrosia {unknown}
Miscellaneous
 e - a piece from Xom's chessboard (15/15)


   Skills:
 + Level 2.9 Fighting
 - Level 5.5 Slings
 - Level 2.0 Armour
 - Level 1.0 Dodging
 - Level 1.0 Stealth
 - Level 3.0 Evocations


You had 5 spell levels left.
You didn't know any spells.
Your spell library contained the following spells:

 Spells                   Type           Power      Damage    Failure   Level
 Summon Guardian Golem    Hex/Summ       0%         N/A       78%         3
 Orb of Destruction       Conj           0%         N/A       100%        7
 Spellforged Servitor     Conj/Summ      0%         N/A       100%        7


Dungeon Overview and Level Annotations

Branches:
Dungeon (4/15)
 Temple: D:4-7

Altars:
Hepliaklqana
Nemelex Xobeh
Wu Jian
Xom

Annotations:
D:3 1 runed translucent door, avis's ghost, weakling DgTm
D:4 Edmund


Message History

You shoot a sling bullet. Sosibius avoids your attack.
The sling bullet hits the orc priest.
The orc priest is heavily wounded.
Sosibius hits the orc priest.
The orc priest barely misses Sosibius.
The orc priest looks satisfied for a moment.
Fire: 3 sling bullets
Press: ? - help, Q - select action, (/) - cycle Shift-Dir - straight line, f/p - orc priest
Aim: an orc priest, wielding a +0 trident and wearing a +0 ring mail (severely wounded, ally target, 66% to hit)
You shoot a sling bullet. Sosibius avoids your attack.
The sling bullet barely misses the orc priest.
The sling bullet hits the orc priest but does no damage.
Sosibius hits the orc priest.
Fire: 2 sling bullets
Press: ? - help, Q - select action, (/) - cycle Shift-Dir - straight line, f/p - orc priest
Aim: an orc priest, wielding a +0 trident and wearing a +0 ring mail (severely wounded, ally target, 66% to hit)
You shoot a sling bullet. Sosibius avoids your attack.
The sling bullet barely misses the orc priest.
The sling bullet closely misses the orc priest.
The orc priest hits Sosibius with a +0 trident!
Sosibius is destroyed!
Aiming: Throw Flame
Press: ? - help, Shift-Dir - straight line, f/p - orc priest
Aim: an orc priest, wielding a +0 trident and wearing a +0 ring mail (severely wounded, 75% to hit)
The puff of flame hits the orc priest!
You kill the orc priest!
Aiming: Throw Flame
Press: ? - help, Shift-Dir - straight line, f - orc priest
Aim: an orc priest, wielding a +2 whip of electrocution (71% to hit)
The puff of flame hits the orc priest!
The orc priest is moderately wounded.
The orc priest mumbles some strange prayers to Beogh against you.
Beogh smites you!
* * * LOW HITPOINT WARNING * * *
Aiming: Throw Flame
Press: ? - help, Shift-Dir - straight line, f/p - orc priest
Aim: an orc priest, wielding a +2 whip of electrocution (moderately wounded, 71% to hit)
The puff of flame misses the orc priest.
The orc priest calls down the wrath of Beogh upon you.
Beogh smites you!
You die...

###.###
####.#######
#..........#
#.#####..#.##
# #†....+
#..#>##
#.##.#
#.#####.# #
#(((o()@#
#####(.....#
###.#### #.#
... .#. . .
## ##


You could see an orc priest.

Vanquished Creatures
  A necrophage (D:4)
  A jelly (D:4)
  An orc priest (D:4)
  An iguana (D:4)
  Natasha (twice) (D:2)
  An orc wizard (D:3)
  An adder (D:2)
  A worm (D:3)
  A dart slug (D:2)
  6 orcs
  6 endoplasms
  2 giant cockroaches
  4 goblins
  6 hobgoblins
  3 quokkas
  5 ball pythons
  4 bats
  A frilled lizard (D:3)
  2 kobolds (D:1)
  4 rats
53 creatures vanquished.

Vanquished Creatures (collateral kills)
  A hobgoblin (D:4)
1 creature vanquished.

Vanquished Creatures (others)
  An ancestor (D:4)
1 creature vanquished.

Grand Total: 55 creatures vanquished

Notes
Turn   | Place    | Note
-------+----------+-------------------------------------------
     0 | D:1      | freelancePsychic the Human Artificer began the quest for
                  | the Orb.
     0 | D:1      | Reached XP level 1. HP: 15/15 MP: 1/1
   381 | D:1      | Reached XP level 2. HP: 22/22 MP: 2/2
   726 | D:1      | Reached skill level 1 in Slings
  1241 | D:2      | Reached XP level 3. HP: 23/27 MP: 3/3
  1308 | D:2      | Reached skill level 2 in Slings
  1595 | D:2      | Found a shimmering altar of Xom.
  1631 | D:2      | Noticed Natasha
  1634 | D:2      | Killed Natasha
  1635 | D:2      | Reached XP level 4. HP: 33/33 MP: 4/4
  1793 | D:2      | Reached skill level 3 in Slings
  1924 | D:2      | Noticed Natasha
  1929 | D:2      | Killed Natasha
  2097 | D:3      | Found a hazy altar of Hepliaklqana.
  2098 | D:3      | Found an ornate altar of the Wu Jian Council.
  2115 | D:3      | Became a worshipper of Hepliaklqana the Forgotten
  2120 | D:3      | Reached XP level 5. HP: 38/38 MP: 5/5
  2197 | D:3      | Found a faded altar of an unknown god.
  2294 | D:3      | Reached skill level 4 in Slings
  2499 | D:3      | Found a runed translucent door.
  2505 | D:3      | Noticed a bullfrog
  2506 | D:3      | Noticed avis's ghost (weakling DgTm)
  2526 | D:3      | Found a sparkling altar of Nemelex Xobeh.
  2858 | D:4      | Noticed a necrophage
  2867 | D:4      | Killed a necrophage
  2868 | D:4      | Reached skill level 5 in Slings
  2868 | D:4      | Reached XP level 6. HP: 36/44 MP: 6/6
  3139 | D:4      | Noticed Edmund
  3335 | D:4      | Reached * piety under Hepliaklqana
  3386 | D:4      | Killed from afar by an orc priest

Illustrated notes

Levels and vault maps discovered:
D:1:      psy_arrival_radial02, layout_basic, minmay_small_reverse_x
D:2:      layout_loops_ring, basic_altar, uniq_natasha
D:3:      layout_basic, nemelex_xobeh_ov_fountains_minmay,
          grunt_temple_overflow_open, dilly_ecumenical_altar_fadedgnrine,
          ebering_ghost_sewer_d
D:4:      layout_loops_corners, minmay_temple_entry_glassed_door, uniq_edmund

Skill      XL: |  1  2  3  4  5  6 |
---------------+-------------------+-----
Slings         | 1 2 3 5 |  5.5
Fighting       | 2 |  2.9
Armour         | |  2.0
Dodging        | |  1.0
Stealth        | |  1.0
Evocations     | |  3.0

Action                   |  1- 3 |  4- 6 || total
-------------------------+-------+-------++-------
Melee: Dagger            |    13 |       ||    13
 Fire: Hunting sling     |    71 |   102 ||   173
Evoke: Wand              |     5 |     4 ||     9
  Use: Scroll            |     6 |     4 ||    10
Armor: Leather armour    |    16 |     7 ||    23
Dodge: Dodged            |    23 |    17 ||    40

Table legend: (Time is in decaauts)
 A = Elapsed time spent in this place.
 B = Non-inter-level travel time spent in this place.
 C = Inter-level travel time spent in this place.
 D = Time resting spent in this place.
 E = Time spent auto-exploring this place.
 F = Levels seen in this place.
 G = Mean time per level.
                   A        B        C        D        E       F      G
               +--------+--------+--------+--------+--------+-----+--------+
         Total |   3392 |   3321 |     71 |    129 |   2724 |   4 |  848.0 |
       Dungeon |   3392 |   3321 |     71 |    129 |   2724 |   4 |  848.0 |
               +--------+--------+--------+--------+--------+-----+--------+

Top non-repeatable levels by time:
     D:1: 1242 daAuts
     D:3: 770 daAuts
     D:2: 721 daAuts
     D:4: 658 daAuts
